Construct Section Command Post
Selects Indian Artillery Battlegroup
Construct Platoon Command Post
Selects Artillery Saturation
6-pounder Anti-tank Gun Team
Selects Off-map Airburst Barrage
Construct Field Infirmary
Unlock Bishop Self-propelled Artillery
6-pounder Anti-tank Gun Team
Bishop Self-propelled Artillery
Selects BL5.5 Artillery Emplacement
Selects Gurkha Rifles Section